 Dungeon Crawl Stone Soup version 0.28.0-43-g3370ac3207 (webtiles) character file.

Game seed: 16613163544655963095

368 Ablot the Grasshopper (level 6, -3/51 HPs)
             Began as a Gnoll Warper on Mar 11, 2022.
             Was a Plaything of Xom.
             Slain by Grinder (8 damage)
             ... while paralysed by Grinder
             ... on level 4 of the Dungeon.
             The game lasted 00:04:54 (3847 turns).

Ablot the Grasshopper (Gnoll Warper)                Turns: 3847, Time: 00:04:55

Health: -3/51      AC:  7    Str: 10    XL:     6   Next: 69%
Magic:  14/14      EV:  2    Int: 13    God:    Xom [.*....]
Gold:   81         SH:  0    Dex: 11    Spells: 13/15 levels left

rFire   . . .      SeeInvis .   a - +2 spear (vorpal)
rCold   . . .      Faith    .   (no shield)
rNeg    . . .      Spirit   .   b - +0 leather armour
rPois   .          Reflect  .   f - +2 helmet
rElec   .          Harm     .   (no cloak)
rCorr   .          Rampage  .   q - +0 pair of gloves
Will    .....                   (no boots)
Stlth   ++........              (no amulet)
HPRegen 0.17/turn               (no ring)
MPRegen 0.14/turn               (no ring)

@: paralysed, unable to read
A: fangs 1, strong nose, distributed training, hooves 1, screaming 1, weak 1,
inability to read while threatened
a: Renounce Religion


You were on level 4 of the Dungeon.
You worshipped Xom.
You were a plaything of Xom.
You visited 1 branch of the dungeon, and saw 4 of its levels.

You collected 81 gold pieces.

Inventory:

Hand Weapons
 a - a +2 vorpal spear (weapon)
Missiles
 d - 5 boomerangs of dispersal
 h - 86 stones
 k - 58 bolts
 l - 3 javelins
 m - 24 arrows
 s - a poisoned dart (quivered)
Armour
 b - a +0 leather armour (worn)
 f - a +2 helmet (worn)
 q - a +0 pair of gloves (worn)
Scrolls
 c - 2 scrolls of blinking
 e - 2 scrolls of fear {unknown}
 g - 2 scrolls of identify {unknown}
 i - a scroll of enchant weapon {unknown}
 j - 2 scrolls of teleportation {unknown}
 o - a scroll of holy word {unknown}
Potions
 n - 2 potions of flight {unknown}
 p - 3 potions of haste {unknown}
 r - a potion of might {unknown}


   Skills:
 + Level 5.0 Fighting
 + Level 2.1 Short Blades
 + Level 2.1 Long Blades
 + Level 2.1 Axes
 + Level 2.1 Maces & Flails
 + Level 5.0 Polearms
 + Level 2.1 Staves
 + Level 2.1 Slings
 + Level 2.1 Bows
 + Level 2.1 Crossbows
 + Level 3.3 Throwing
 + Level 3.3 Armour
 + Level 5.0 Dodging
 + Level 2.1 Stealth
 + Level 2.1 Shields
 + Level 2.1 Unarmed Combat
 + Level 5.4 Spellcasting
 + Level 1.6 Conjurations
 + Level 1.6 Hexes
 + Level 1.6 Summonings
 + Level 1.6 Necromancy
 + Level 5.7 Translocations
 + Level 1.6 Transmutations
 + Level 1.6 Fire Magic
 + Level 1.6 Ice Magic
 + Level 1.6 Air Magic
 + Level 1.6 Earth Magic
 + Level 1.6 Poison Magic
 + Level 2.3 Invocations
 + Level 2.1 Evocations


You had 13 spell levels left.
You knew the following spells:

 Your Spells              Type           Power      Damage    Failure   Level
a - Blink                 Tloc           36%        N/A       3%          2

Your spell library contained the following spells:

 Spells                   Type           Power      Damage    Failure   Level
 Gell's Gravitas          Tloc           18%        N/A       7%          3
 Lesser Beckoning         Tloc           18%        N/A       7%          3
 Teleport Other           Tloc           18%        N/A       7%          3
 Manifold Assault         Tloc           18%        N/A       52%         5


Dungeon Overview and Level Annotations

Branches:
Dungeon (4/15)
 Temple: D:4-7

Altars:
Xom

Annotations:
D:4 Grinder


Innate Abilities, Weirdness & Mutations

You have very sharp teeth.
Your uncanny sense of smell can sniff out nearby items.
Your experience applies equally to all skills.
You have large cloven feet.
You occasionally shout uncontrollably at your foes.
You are weak. (Str -2)
You sometimes lose the ability to read scrolls when taking damage.


Message History

The endoplasm jiggles.
The endoplasm hits you but does no damage.
Something hits you.
The orc priest hits you but does no damage.
The endoplasm freezes you.
You are frozen.
The orc completely misses you.
You can move again.
Unknown command.
You hit the orc priest.
You kill the orc priest! "This is how I like it!"
You swap places with the endoplasm.
The endoplasm looks rather confused.
Pain shoots through your body!
You feel threatened and lose the ability to read scrolls!
Unknown command.
Unknown command.
You hit the orc. Your kick misses the orc.
The orc is moderately wounded.
The endoplasm hits you but does no damage.
Unknown command.
You hit the orc. Your bite misses the orc.
The orc is almost dead.
Something hits you.
You writhe in agony.
Something hits you but does no damage.
Unknown command.
You puncture the orc!
You kill the orc!
Something hits you.
You writhe in agony.
* * * LOW HITPOINT WARNING * * *
Something hits you.
* * * LOW HITPOINT WARNING * * *
Unknown command.
You hit the orc but do no damage. Your bite misses the orc.
The orc is moderately wounded.
The endoplasm seems less confused.
You suddenly lose the ability to move!
The orc hits you with a +0 hand axe.
* * * LOW HITPOINT WARNING * * *
Something hits you but does no damage. The orc hits you but does no damage.
Something hits you!
You die...
Xom bursts into laughter!

.. #(.. # ..####..#.###
.. ?..#.(.#...##...
#.............### #
#.....##...........
#..###.o(.##............
#......{o##..#.........#
#...@J)..............
.....#####.............#
... ##............... .
#................
#..#.#............
....###..##.†......
..... ##........... >...
#..##..##.... ...
....###...##...


You could see 2 orcs and an endoplasm.

Vanquished Creatures
  Sigmund (D:4)
  A scorpion (D:4)
  An orc priest (D:4)
  An iguana (D:4)
  5 adders
  An adder skeleton (D:4)
  A dart slug (D:3)
  3 orcs
  4 ball pythons
  7 bats
  4 endoplasms
  3 giant cockroaches (D:1)
  2 goblins (D:1)
  7 hobgoblins
  2 jackals (D:3)
  A quokka (D:1)
  3 frilled lizards
  5 kobolds
  9 rats
61 creatures vanquished.

Notes
Turn   | Place    | Note
-------+----------+-------------------------------------------
     0 | D:1      | Ablot the Gnoll Warper began the quest for the Orb.
     0 | D:1      | Reached XP level 1. HP: 20/20 MP: 6/6
   117 | D:1      | Reached XP level 2. HP: 26/26 MP: 7/7
   120 | D:1      | Learned a level 2 spell: Blink
  1226 | D:2      | Reached XP level 3. HP: 31/31 MP: 9/9
  1278 | D:2      | Found a shimmering altar of Xom.
  1283 | D:2      | Reached skill level 5 in Spellcasting
  1293 | D:2      | Became a worshipper of Xom of Chaos
  1312 | D:2      | XOM: divination: detect items
  1381 | D:2      | Found a faded altar of an unknown god.
  1577 | D:2      | Reached skill level 1 in Invocations
  1960 | D:2      | XOM: divination: detect creatures
  2044 | D:2      | Reached skill level 1 in Short Blades
  2044 | D:2      | Reached skill level 1 in Long Blades
  2044 | D:2      | Reached skill level 1 in Axes
  2044 | D:2      | Reached skill level 1 in Maces & Flails
  2044 | D:2      | Reached skill level 1 in Staves
  2044 | D:2      | Reached skill level 1 in Slings
  2044 | D:2      | Reached skill level 1 in Bows
  2044 | D:2      | Reached skill level 1 in Crossbows
  2044 | D:2      | Reached skill level 1 in Stealth
  2044 | D:2      | Reached skill level 1 in Shields
  2044 | D:2      | Reached skill level 1 in Unarmed Combat
  2044 | D:2      | Reached skill level 1 in Evocations
  2044 | D:2      | Reached XP level 4. HP: 22/38 MP: 11/11
  2143 | D:2      | XOM: scenery: 1 doors open
  2362 | D:2      | XOM: scenery: create altars
  2367 | D:2      | XOM: stat loss: -1 Int (12/13)
  2580 | D:3      | XOM: give mutations
  2580 | D:3      | Gained mutation: Armour fits poorly on your strangely
                  | shaped body. [Xom's mischief]
  2580 | D:3      | Lost mutation: Armour fits poorly on your strangely shaped
                  | body. [Xom's mischief]
  2580 | D:3      | Gained mutation: You are weak. (Str -2) [Xom's mischief]
  2593 | D:3      | XOM: give mutations
  2593 | D:3      | Gained mutation: You have large cloven feet. [Xom's
                  | mischief]
  2593 | D:3      | Gained mutation: You sometimes lose the ability to read
                  | scrolls when taking damage. [Xom's mischief]
  2593 | D:3      | Gained mutation: You occasionally shout uncontrollably at
                  | your foes. [Xom's mischief]
  2897 | D:3      | XOM: scenery: create altars
  2898 | D:3      | Reached skill level 1 in Conjurations
  2898 | D:3      | Reached skill level 1 in Hexes
  2898 | D:3      | Reached skill level 1 in Summonings
  2898 | D:3      | Reached skill level 1 in Necromancy
  2898 | D:3      | Reached skill level 1 in Transmutations
  2898 | D:3      | Reached skill level 1 in Fire Magic
  2898 | D:3      | Reached skill level 1 in Ice Magic
  2898 | D:3      | Reached skill level 1 in Air Magic
  2898 | D:3      | Reached skill level 1 in Earth Magic
  2898 | D:3      | Reached skill level 1 in Poison Magic
  3028 | D:3      | Found a shimmering altar of Xom.
  3028 | D:3      | Found a shimmering altar of Xom.
  3028 | D:3      | Found a shimmering altar of Xom.
  3029 | D:3      | Found a shimmering altar of Xom.
  3039 | D:3      | Found a shimmering altar of Xom.
  3179 | D:3      | XOM: divination: detect creatures
  3441 | D:4      | Noticed Sigmund
  3455 | D:4      | Killed Sigmund
  3456 | D:4      | Reached XP level 5. HP: 14/43 MP: 12/12
  3456 | D:4      | Reached XP level 6. HP: 17/50 MP: 13/13
  3722 | D:4      | Reached skill level 5 in Fighting
  3722 | D:4      | Reached skill level 5 in Polearms
  3722 | D:4      | Reached skill level 5 in Dodging
  3833 | D:4      | Noticed Grinder
  3839 | D:4      | Paralysed by something for 2 turns
  3840 | D:4      | XOM is BORED!
  3840 | D:4      | XOM: enchant monster (bad)
  3842 | D:4      | XOM: swap monsters
  3846 | D:4      | Paralysed by something for 5 turns
  3847 | D:4      | Slain by Grinder

Illustrated notes

Levels and vault maps discovered:
D:1:      giann_bridges, layout_basic, moated_statue
D:2:      layout_basic, hellmonk_ecumenical_altar_run_dry, basic_altar,
          corexii_corridor_pit
D:3:      layout_basic, xom_redecorated, minmay_misc_feat_plants,
          nrook_mini_backslash, st_stairs_10, kennysheep_generic_room_9
D:4:      layout_cave_pools, grunt_ashenzari_visionary
          [grunt_ashenzari_visionary_shoals, grunt_ashenzari_visionary_snake],
          grunt_temple_overflow_diamond, mainiacjoe_overflow_alcove_2,
          uniq_pikel, uniq_sigmund, uniq_grinder, uniq_menkaure

Skill      XL: |  1  2  3  4  5  6 |
---------------+-------------------+-----
Spellcasting   | 5 |  5.4
Invocations    | 1 2 |  2.3
Short Blades   | 1 2 |  2.1
Long Blades    | 1 2 |  2.1
Axes           | 1 2 |  2.1
Maces & Flails | 1 2 |  2.1
Staves         | 1 2 |  2.1
Slings         | 1 2 |  2.1
Bows           | 1 2 |  2.1
Crossbows      | 1 2 |  2.1
Stealth        | 1 2 |  2.1
Shields        | 1 2 |  2.1
Unarmed Combat | 1 2 |  2.1
Evocations     | 1 2 |  2.1
Conjurations   | 1 |  1.6
Hexes          | 1 |  1.6
Summonings     | 1 |  1.6
Necromancy     | 1 |  1.6
Transmutations | 1 |  1.6
Fire Magic     | 1 |  1.6
Ice Magic      | 1 |  1.6
Air Magic      | 1 |  1.6
Earth Magic    | 1 |  1.6
Poison Magic   | 1 |  1.6
Throwing       | 3 |  3.3
Armour         | 3 |  3.3
Fighting       | 5 |  5.0
Polearms       | 5 |  5.0
Dodging        | 5 |  5.0
Translocations | |  5.7

Action                   |  1- 3 |  4- 6 || total
-------------------------+-------+-------++-------
Melee: Spear             |    28 |    52 ||    80
       Punch             |     2 |     2 ||     4
       Short sword       |    94 |    37 ||   131
       Bite              |     5 |    13 ||    18
       Kick              |       |    16 ||    16
Throw: Dart              |       |     4 ||     4
 Stab: Sleeping          |       |     2 ||     2
Armor: Leather armour    |    34 |    24 ||    58
Dodge: Dodged            |    77 |    37 ||   114
